 Dungeon Crawl Stone Soup version 0.30.1-3-gfc49f6343a (webtiles) character file.

Game seed: 11673890763807975527

51291 workbot the Severer (level 14, -4/140 HPs)
             Began as a Minotaur Berserker on June 12, 2023.
             Was a High Priest of Trog.
             Slain by an Executioner (6 damage)
             ... on level 2 of the Abyss on July 19, 2023.
             The game lasted 00:44:36 (16281 turns).

workbot the Severer (Minotaur Berserker)           Turns: 16281, Time: 00:44:37

Health: -4/140     AC: 23    Str: 27    XL:     14   Next: 22%
Magic:  8/8        EV: 12    Int:  0    God:    Trog [*****.]
Gold:   1912       SH:  8    Dex: 17    Spells: 13/13 levels left

rFire   x x .        n - +4 broad axe of Nuewikh {freeze, rElec rC- Dex+4}
rCold   x . .        y - +1 kite shield
rNeg    + . .        a - +4 plate armour
rPois   .            (helmet restricted)
rElec   +            p - +1 cloak
rCorr   +            H - +2 pair of gloves of Monotheism {Dex+3}
SInv    .            J - +1 pair of boots "Xeppeu" {rN+}
Will    +....        A - amulet of faith Stlth
                     K - ring of flight
HPRegen 0.43/turn    C - ring of resist corrosion
MPRegen 0.11/turn

%: faith
@: flying, slowed, lost intelligence, unable to read, very slow
A: horns 2, retaliatory headbutt, [deformed body], [dopey 2], [low MP 3], [no
potion heal 2], [heat vulnerability 2], [subdued magic 2], [inability to read
after injury 2]
a: Renounce Religion, Berserk, Trog's Hand, Brothers in Arms


You were on level 2 of the Abyss.
You worshipped Trog.
Trog was extremely pleased with you.
You visited 2 branches of the dungeon, and saw 16 of its levels.
You visited the Abyss 1 time.
You also visited: Sewer and Bailey.

You collected 1912 gold pieces.

Inventory:

Hand Weapons
 g - a +7 heavy flail
 n - the +4 broad axe of Nuewikh (weapon) {freeze, rElec rC- Dex+4}
   (You acquired it on level 6 of the Dungeon)

   Dex:       It affects your dexterity (+4).
   rC:        It makes you vulnerable to cold.
   rElec:     It insulates you from electricity.
Armour
 a - a +4 plate armour (worn)
 p - a +1 cloak (worn)
 y - a +1 kite shield (worn)
 H - the +2 pair of gloves of Monotheism (worn) {Dex+3}
   (You acquired it on level 11 of the Dungeon)

   Dex:       It affects your dexterity (+3).
 J - the +1 pair of boots "Xeppeu" (worn) {rN+}
   (You found it on level 10 of the Dungeon)

   rN:        It protects you from negative energy.
Jewellery
 c - a ring of protection from fire
 A - an amulet of faith (around neck)
 C - a ring of resist corrosion (right hand)
 D - a ring of fire
 K - a ring of flight (left hand)
 L - a +4 ring of protection
Wands
 i - a wand of charming (8)
 t - a wand of light (3)
 w - a wand of flame (28)
 x - a wand of roots (16)
 G - a wand of polymorph (12)
Scrolls
 h - 6 scrolls of teleportation
 k - 3 scrolls of poison
 o - 3 scrolls of blinking
 r - 3 scrolls of fear
 B - 3 scrolls of magic mapping
Potions
 b - 3 potions of flight
 d - 4 potions of heal wounds
 e - 5 potions of curing
 f - 3 potions of lignification
 j - 3 potions of resistance
 l - 2 potions of ambrosia {unknown}
 m - 3 potions of might
 q - 4 potions of degeneration {unknown}
 s - 2 potions of brilliance {unknown}
 v - 2 potions of berserk rage {unknown}
 z - 4 potions of mutation
 E - 4 potions of cancellation {unknown}
 F - a potion of invisibility
 I - a potion of haste {unknown}


   Skills:
 * Level 17.2 Fighting
 - Level 18.0 Axes
 + Level 12.4 Armour
 + Level 11.4 Dodging


You had 13 spell levels left.
You didn't know any spells.
Your spell library contained the following spells:

 Spells                   Type           Power      Damage    Failure   Level
 Cigotuvi's Dreadful Rot  Necr/Pois/Air  0%         N/A       100%        2
 Dispel Undead            Necr           0%         3d6       100%        4
 Death Channel            Necr           0%         N/A       100%        6


Dungeon Overview and Level Annotations

Branches:
Dungeon (11/15)            Temple (0/1) D:5            Lair (5/5) D:8
  Swamp (0/4) Lair:3        Snake (0/4) Lair:2          Orc (0/2) D:10
  Sewer (visited)          Bailey (visited)
  Slime: Lair:4-5

Altars:
Cheibriados
Hepliaklqana
Kikubaaqudgha
Makhleb
Qazlal
Trog
Vehumet
Yredelemnul
Zin

Shops:
D:4 *   D:6 !*==   D:11 !

Annotations:
Lair:5 Sonja


Innate Abilities, Weirdness & Mutations

You have a pair of horns on your head.
You reflexively headbutt those who attack you in melee.
[Armour fits poorly on your strangely shaped body.]
[You are very dopey. (Int -4)]
[Your magical capacity is extremely low. (-30% MP)]
[Potions cannot restore your health.]
[You are very vulnerable to heat. (rF--)]
[Your spells are easier to cast, but less powerful.]
[You sometimes lose the ability to read scrolls when taking damage.]


Message History

The Executioner attacks as you move away!
The Executioner closely misses you.
The Executioner hits you but does no damage. x2
The Executioner barely misses you.
The Executioner hits you but does no damage.
The Executioner barely misses you. You block the Executioner's attack. x2
The Executioner barely misses you. The Executioner closely misses you.
You furiously retaliate!
You headbutt the Executioner! The Executioner hits you.
* * * LOW HITPOINT WARNING * * *
The Executioner hits you.
* * * LOW HITPOINT WARNING * * *
The Executioner attacks as you move away!
The Executioner hits you!
You feel threatened and lose the ability to read scrolls!
* * * LOW HITPOINT WARNING * * *
The Executioner barely misses you. The Executioner completely misses you.
The Executioner barely misses you. You furiously retaliate!
You headbutt the Executioner! You block the Executioner's attack.
The Executioner misses you.
The Executioner hits you but does no damage. x2
The Executioner hits you.
* * * LOW HITPOINT WARNING * * *
The Executioner hits you!
* * * LOW HITPOINT WARNING * * *
The Executioner barely misses you. The Executioner closely misses you.
The Executioner hits you!
* * * LOW HITPOINT WARNING * * *
The Executioner hits you but does no damage.
You block the Executioner's attack.
You slash the Executioner! You freeze the Executioner.
You headbutt the Executioner, but do no damage.
The Executioner is almost dead.
The Executioner hits you but does no damage.
The Executioner barely misses you. You block the Executioner's attack.
The Executioner completely misses you. You furiously retaliate!
You headbutt the Executioner!
The Executioner hits you but does no damage.
The Executioner hits you.
You die...

## .# ## . .. .# .
#... # .#.#
.....###.#.#
#..#.@...### .## #
###.1#.....#
...#...#..#.#.##.#
..#.#.##.....#
#..#.....#....#
#...#...##..#.#
###.#.. .. #...#
#.........#.##.
#..5#.#. .# .


You could see an Executioner (fast).

Vanquished Creatures
  A hydra (Lair:5)
  2 vault guards (Bailey)
  A catoblepas (Lair:4)
  4 death yaks (Lair:3)
  Nergalle (D:10)
  The ghost of howech the Cleaver, a novice MiBe of Trog (D:7)
  2 large abominations (Abyss:2)
  An ugly thing (D:11)
  10 elephants
  5 black mambas
  6 torpor snails (Lair:4)
  7 cane toads
  A rime drake (Lair:4)
  2 unseen horrors
  4 komodo dragons
  A spectral unseen horror (D:7)
  12 polar bears
  2 unseen horror skeletons (D:7)
  4 trolls (D:10)
  A tyrant leech (Lair:3)
  Grinder (D:6)
  Prince Ribbit (Bailey)
  4 raiju (Lair:5)
  12 blink frogs
  8 dream sheep (Lair:5)
  A shadow (D:10)
  A ynoxinul (Abyss:2)
  A wraith (D:9)
  59 yaks
  4 wyverns
  4 basilisks
  5 humans
  4 golden eyes (Abyss:2)
  3 steam dragons
  Menkaure (D:5)
  4 wargs (Lair:5)
  A swamp worm (Lair:3)
  2 acid dragons
  15 hell hounds
  12 water moccasins
  15 black bears
  5 orc warriors
  4 ice beasts
  2 sky beasts
  2 ogres
  2 centaurs (D:9)
  13 wolves (Lair:5)
  A phantom (D:7)
  A kobold brigand (D:7)
  23 bullfrogs
  2 scorpions (D:5)
  3 necrophages (D:9)
  9 wights
  8 killer bees
  An electric eel (D:10)
  A howler monkey (D:10)
  A crimson imp (Abyss:2)
  5 centaur zombies
  A human zombie (D:9)
  7 orc priests
  3 hounds (D:5)
  An iron imp (Abyss:2)
  4 jellies
  5 iguanas
  A sleepcap (D:6)
  Ijyb (D:5)
  8 orc wizards
  A howler monkey zombie (D:9)
  2 mummies (D:9)
  12 adders
  2 river rats (D:4)
  2 shadow imps
  A white imp (D:6)
  2 ufetubi (D:6)
  2 worms
  41 orcs
  15 endoplasms
  9 giant cockroaches
  20 goblins
  9 hobgoblins
  11 quokkas
  11 ball pythons
  8 bats
  7 frilled lizards
  11 kobolds
  9 rats
515 creatures vanquished.

Vanquished Creatures (collateral kills)
  A black mamba (Lair:5)
  A cane toad (Lair:5)
  6 yaks (Lair:5)
  A basilisk (Lair:5)
9 creatures vanquished.

Vanquished Creatures (others)
  An orc wizard (D:7)
  A jackal zombie (D:6)
2 creatures vanquished.

Grand Total: 526 creatures vanquished

Notes
Turn   | Place    | Note
-------+----------+-------------------------------------------
     0 | D:1      | workbot the Minotaur Berserker began the quest for the Orb.
     0 | D:1      | Reached XP level 1. HP: 19/19 MP: 0/0
   162 | D:1      | Reached skill level 4 in Axes
   333 | D:1      | Reached XP level 2. HP: 26/26 MP: 1/1
   382 | D:1      | Found a faded altar of an unknown god.
   567 | D:1      | Reached skill level 5 in Axes
   747 | D:1      | Reached XP level 3. HP: 24/31 MP: 2/2
   834 | D:2      | Reached ** piety under Trog
  1721 | D:3      | Reached XP level 4. HP: 39/39 MP: 3/3
  1725 | D:3      | Reached skill level 6 in Axes
  2101 | D:4      | Found Buuradul's Gadget Gallery.
  2134 | D:4      | Reached XP level 5. HP: 45/45 MP: 4/4
  2210 | D:4      | Reached skill level 7 in Axes
  2227 | D:4      | Found a glowing drain.
  2244 | Sewer    | Entered a sewer
  2246 | Sewer    | Reached *** piety under Trog
  2539 | Sewer    | Reached skill level 8 in Axes
  2539 | Sewer    | Reached XP level 6. HP: 36/51 MP: 5/5
  3079 | D:4      | Reached skill level 9 in Axes
  3281 | D:5      | Entered Level 5 of the Dungeon
  3353 | D:5      | Noticed an ice beast
  3365 | D:5      | Killed an ice beast
  3366 | D:5      | Reached XP level 7. HP: 57/57 MP: 6/6
  3434 | D:5      | Reached skill level 10 in Axes
  3502 | D:5      | Reached **** piety under Trog
  3612 | D:5      | Found a staircase to the Ecumenical Temple.
  3621 | D:5      | Noticed a steam dragon
  3633 | D:5      | Killed a steam dragon
  3801 | D:5      | Reached skill level 11 in Axes
  4051 | D:5      | Noticed Menkaure
  4057 | D:5      | Killed Menkaure
  4057 | D:5      | Noticed Ijyb
  4058 | D:5      | Reached XP level 8. HP: 50/64 MP: 7/7
  4064 | D:5      | Killed Ijyb
  4390 | D:5      | Reached skill level 12 in Axes
  4803 | D:6      | Identified a scroll of acquirement
  4804 | D:6      | Acquired the +4 broad axe of Nuewikh {freeze, rElec rC-
                  | Dex+4}
  4816 | D:6      | Found Qyner's General Store.
  4818 | D:6      | Found Equzetob's Jewellery Emporium.
  4819 | D:6      | Found Anusir's Distillery.
  4820 | D:6      | Found Guclut's Jewellery Emporium.
  4905 | D:6      | Reached skill level 13 in Axes
  4998 | D:6      | HP: 2/61 [wight/+0 great sword (6)]
  5160 | D:6      | Found a radiant altar of Vehumet.
  5258 | D:6      | Found a burning altar of Makhleb.
  5471 | D:6      | Found a runed translucent door.
  5475 | D:6      | Reached skill level 14 in Axes
  5482 | D:6      | Found a basalt altar of Yredelemnul.
  5617 | D:6      | Reached XP level 9. HP: 65/70 MP: 8/8
  5820 | D:6      | Noticed Grinder
  5824 | D:6      | Paralysed by Grinder for 2 turns
  5831 | D:6      | Killed Grinder
  5832 | D:6      | Reached skill level 15 in Axes
  6299 | D:7      | Found a runed translucent gate.
  6299 | D:7      | Found a runed translucent gate.
  6302 | D:7      | Found a runed translucent gate.
  6303 | D:7      | Noticed a spectral unseen horror
  6306 | D:7      | Noticed howech's ghost (novice MiBe)
  6370 | D:7      | Found a hazy altar of Hepliaklqana.
  6370 | D:7      | Found a snail-covered altar of Cheibriados.
  6370 | D:7      | Found a glowing silver altar of Zin.
  6378 | D:7      | Acquired 677 gold pieces
  6380 | D:7      | Upgraded the game from 0.30.0-29-ga12c61a403 to
                  | 0.30.0-30-g96aa6591b8
  6445 | D:7      | Reached skill level 16 in Axes
  6634 | D:7      | Found a flagged portal.
  6648 | Bailey   | Entered a bailey
  6687 | Bailey   | Reached skill level 17 in Axes
  6687 | Bailey   | Reached XP level 10. HP: 56/77 MP: 9/9
  6787 | Bailey   | Noticed a vault guard
  6800 | Bailey   | Killed a vault guard
  6801 | Bailey   | Reached skill level 18 in Axes
  6836 | Bailey   | Noticed a vault guard
  6836 | Bailey   | Noticed Prince Ribbit
  6851 | Bailey   | Killed a vault guard
  6857 | Bailey   | Killed Prince Ribbit
  6858 | Bailey   | Reached skill level 5 in Fighting
  6936 | D:7      | Reached ***** piety under Trog
  7188 | D:7      | Killed howech's ghost
  7455 | D:8      | Reached skill level 5 in Armour
  7489 | D:8      | Upgraded the game from 0.30.0-30-g96aa6591b8 to
                  | 0.30.1-3-gfc49f6343a
  7555 | D:8      | Reached XP level 11. HP: 92/92 MP: 10/10
  7813 | D:8      | Found a stormy altar of Qazlal.
  7977 | D:8      | Found a staircase to the Lair.
  8544 | D:9      | Reached skill level 5 in Dodging
  9174 | D:9      | Found an ancient bone altar of Kikubaaqudgha.
  9177 | D:9      | Received a gift from Trog
  9295 | D:10     | Entered Level 10 of the Dungeon
  9295 | D:10     | Found a bloodstained altar of Trog.
  9364 | D:10     | Noticed Nergalle
  9390 | D:11     | Noticed a two-headed ogre
  9400 | D:11     | Found Conoon's Distillery.
  9432 | D:11     | Noticed a red ugly thing
  9444 | D:11     | Killed a red ugly thing
  9610 | D:11     | Acquired the +2 pair of gloves of Monotheism {Dex+3}
  9825 | D:10     | Identified the +1 pair of boots "Xeppeu" {rN+}
  9913 | D:10     | Killed Nergalle
  9945 | D:10     | Reached skill level 10 in Fighting
 10450 | D:10     | Found a staircase to the Orcish Mines.
 10675 | Lair:1   | Entered Level 1 of the Lair of Beasts
 11372 | Lair:1   | Reached XP level 12. HP: 65/110 MP: 11/11
 12136 | Lair:2   | Found a staircase to the Snake Pit.
 12886 | Lair:3   | Received a gift from Trog
 12999 | Lair:3   | Noticed a death yak
 12999 | Lair:3   | Noticed a death yak
 13007 | Lair:3   | Noticed a death yak
 13014 | Lair:3   | Killed a death yak
 13014 | Lair:3   | Noticed a death yak
 13019 | Lair:3   | Killed a death yak
 13020 | Lair:3   | Reached skill level 10 in Armour
 13024 | Lair:3   | Killed a death yak
 13029 | Lair:3   | Killed a death yak
 13223 | Lair:3   | Reached XP level 13. HP: 124/124 MP: 12/12
 13243 | Lair:3   | Found a staircase to the Swamp.
 13358 | Lair:3   | You are sucked into a shaft and drop 2 floors!
 13358 | Lair:5   | Entered Level 5 of the Lair of Beasts
 13792 | Lair:5   | Reached skill level 15 in Fighting
 13834 | Lair:5   | Received a gift from Trog
 13840 | Lair:5   | Reached skill level 10 in Dodging
 13860 | Lair:5   | Identified the +0 robe of Huuchedgh {Str+3}
 14022 | Lair:5   | Noticed Sonja
 14679 | Lair:4   | Received a gift from Trog
 15098 | Lair:4   | Found a snail-covered altar of Cheibriados.
 15168 | Lair:4   | Reached XP level 14. HP: 121/138 MP: 13/13
 15806 | Lair:5   | Received a gift from Trog
 15987 | Abyss:2  | Cast into level 2 of the Abyss (Sonja)
 16195 | Abyss:2  | Lost intelligence.
 16269 | Abyss:2  | Noticed an Executioner
 16280 | Abyss:2  | HP: 1/140 [Executioner (11)]
 16281 | Abyss:2  | Slain by an Executioner

Illustrated notes

Levels and vault maps discovered:
D:1:      dpeg_arrival_morbid_curiosity, layout_loops_ring,
          ebering_ecumenical_altar_petrified, minmay_tall_x
D:2:      layout_loops_ring, serial_co_window_serial, co_window_paths_a,
          co_window_paths_a, co_window_corner_a, co_window_paths_b,
          co_window_paths_a, co_window_2corner, co_window_of_opportunity_b,
          co_window_broadway_b, co_window_4corner_b, glass_columns_b,
          glass_columns_a, glass_columns_c, glass_columns_c
D:3:      layout_rooms, serial_bayou_crossing
D:4:      layout_rooms, portal_sewer_entry_b, nicolae_shop_gadgets
D:5:      layout_basic, temple_statues, serial_bayou_pond_b,
          minmay_misc_feat_rugged, uniq_menkaure, uniq_ijyb
D:6:      layout_basic, dk_yredelemnul_ordeal, makhleb_grotto_becter,
          fiery_altar_vehumet, minmay_shop_grid_forest, serial_bayou_pond_d,
          minmay_gold_behind_fungi, minivault_24, grunt_decor_arrowhead,
          minmay_circle_x, uniq_grinder
D:7:      layout_basic, gammafunk_temple_overflow_forgotten, enter_bailey_3,
          gammafunk_ghost_necromancy, minmay_tree_intersection
D:8:      layout_basic, lemuel_coloured_pillars_altar, dpeg_oklobed_lair
D:9:      layout_roguey, lemuel_mausoleum_altar_kikubaaqudgha,
          minmay_crystal_room
D:10:     layout_loops_cross, bloody_trog, hiddenorc1_lemuel,
          nicolae_concentric_dashed_squares_mild, serial_bayou_pond_b,
          uniq_nergalle
D:11:     layout_gridville, serial_shops, shop, shop_fountains, zin_purify
Lair:1:   layout_cave_pods, serial_bayou_shore_a
Lair:2:   layout_cellular_growth, dummy_snake_entry, grunt_megastairs_2,
          lemuel_fruit_tree
Lair:3:   layout_roguey, minmay_swamp_entry_worms, lemuel_fruit_fields,
          grunt_megastairs_3
Lair:4:   layout_roguey, kennysheep_snail_temple, grunt_megastairs_4,
          lemuel_fruit_fields, serial_bayou_shore_b
Lair:5:   hangedman_lair_caniforms_friends, layout_cave_pods, slime_entry_1,
          uniq_sonja
Abyss:2:  base: D:4, base: D:3, grunt_abyss_exit_deep_breaths

Skill      XL: |  1  2  3  4  5  6  7  8  9 10 11 12 13 14 |
---------------+-------------------------------------------+-----
Axes           | 4 5 6 8 9 11 14 17 18 | 18.0
Fighting       | 7 11 14 16 17 | 17.2
Armour         | 5 7 10 12 | 12.4
Dodging        | 4 7 9 11 | 11.4

Action                     |  1- 3 |  4- 6 |  7- 9 | 10-12 | 13-15 || total
---------------------------+-------+-------+-------+-------+-------++-------
  Melee: Hand axe          |    71 |   175 |    69 |       |       ||   315
         Headbutt          |    11 |    15 |    27 |    56 |    79 ||   188
         Broad axe         |       |       |   135 |   405 |   279 ||   819
         Punch             |       |       |     3 |     1 |       ||     4
         Flail             |       |       |       |       |    59 ||    59
 Invoke: Berserk           |     1 |     4 |     7 |    12 |     5 ||    29
         Trog's Hand       |       |       |       |     2 |       ||     2
         Brothers in Arms  |       |       |       |     1 |     1 ||     2
    Use: Scroll            |       |     5 |    14 |    16 |     8 ||    43
         Potion            |       |       |     3 |     3 |     4 ||    10
 Armour: Ring mail         |    18 |    51 |    42 |       |       ||   111
         Animal skin       |     1 |       |       |       |       ||     1
         Plate armour      |       |       |    35 |   219 |   303 ||   557
  Dodge: Dodged            |    44 |    92 |    95 |   152 |   207 ||   590
  Block: Kite shield       |       |       |       |    11 |   148 ||   159
